Map: Prion Terraces

Players

lesha

  • Race: Terran Terran
  • League: Silver

Andii - Winner!

  • Race: Zerg Zerg
  • League: Gold

VOD

Have the link to the VOD?

Description

Time

  • Played on: Jan. 2, 2016, 10:24 a.m.
  • Length: 9:41
Show
View Real Time Build Order
Export as new Build Order

lesha Terran 

Build Orders: Reaper Expand, MMM Bio 

Get SALT Encoding   

  12  0:02  SCV  
  14  0:14  SCV  
  14  0:18  Supply Depot  
  14  0:26  SCV  
  15  0:39  SCV  
  15  0:41  Barracks  
  16  0:51  SCV, Refinery  
  17  1:03  SCV  
  18  1:15  SCV  
  19  1:28  Orbital Command  
  19  1:35  Reaper  
  20  1:45  Command Center  
  20  1:58  SCV  
  20  2:10  SCV  
  21  2:18  Supply Depot  
  21  2:23  SCV, Supply Depot  
  21  2:27  Barracks Reactor, Refinery  
  22  2:34  Barracks  
  22  2:35  SCV  
  23  2:42  Bunker  
  22  2:47  SCV  
  23  2:59  SCV  
  23  3:00  Orbital Command  
  24  3:09  Marine x2  
  26  3:18  SCV  
  27  3:22  Barracks Reactor  
  27  3:30  SCV, Factory  
  28  3:36  SCV  
  28  3:38  Marine x2  
  31  3:42  SCV  
  32  3:48  SCV  
  32  3:54  SCV  
  34  3:55  Marine  
  34  3:56  Marine  
  34  4:00  SCV, Marine x2  
  39  4:13  Barracks  
  39  4:16  SCV x2  
  41  4:18  Factory Tech Lab  
  41  4:19  Starport  
  41  4:28  SCV  
  41  4:29  SCV  
  43  4:33  Marine x4  
  43  4:36  Engineering Bay  
  47  4:38  Supply Depot  
  47  4:40  Siege Tank  
  50  4:52  SCV x2  
  52  4:53  Barracks  
  52  4:59  Starport Reactor  
  52  5:00  Marine  
  52  5:01  Supply Depot, Marine x3  
  52  5:02  Barracks Reactor  
  52  5:04  SCV x2, Barracks Tech Lab  
  58  5:16  SCV x2  
  54  5:35  Bunker  
  54  5:50  Marine x3  
  54  5:51  Marine  
  54  5:52  Marauder  
  54  5:53  Stimpack  
  54  5:56  Barracks Reactor  
  60  5:58  Medivac  
  62  6:06  Command Center  
  56  6:21  Marine x5  
  56  6:23  Medivac  
  60  6:39  Command Center, Marine x5  
  62  6:40  Supply Depot  
  62  6:42  Supply Depot x2  
  62  6:43  Supply Depot  
  62  6:46  Marine x2  
  67  6:47  Command Center  
  67  6:51  SCV  
  67  6:52  SCV, Refinery x2  
  69  6:57  Marine  
  70  7:01  Terran Infantry Weapons Level 1, Medivac, Marine x4  
  70  7:03  SCV  
  70  7:04  SCV  
  32  7:46  Marine x3  
  32  7:47  Marine x4  
  39  7:56  Hellion  
  36  8:01  Combat Shields  
  36  8:04  Marine x4  
  36  8:05  Marine x3  
  43  8:18  Hellion  
  45  8:22  Marine x2  
  47  8:31  Command Center  
  39  8:38  Marine  
  39  8:39  Marine  
  39  8:40  Marine x5  
  17  8:56  Marine  
  17  8:57  Marine x3  
  17  8:58  Marine x2  
Show
View Real Time Build Order
Export as new Build Order

Andii Zerg - Winner!

Build Orders: Hatch First, Zergling Baneling 

Get SALT Encoding   

  12  0:08  Overlord  
  12  0:12  Drone  
  13  0:18  Drone  
  14  0:47  Hatchery  
  13  0:51  Drone x2  
  15  1:07  Spawning Pool  
  15  1:10  Drone  
  15  1:14  Drone  
  16  1:22  Drone  
  16  1:25  Overlord  
  17  1:34  Drone  
  18  1:44  Drone  
  19  2:00  Queen  
  21  2:02  Extractor x2, Queen  
  21  2:03  Zergling x2  
  21  2:06  Zergling x2  
  23  2:12  Zergling x2  
  23  2:13  Zergling x2  
  25  2:20  Drone x2  
  27  2:46  Drone  
  27  2:47  Drone x3  
  31  3:02  Drone  
  31  3:05  Hatchery  
  31  3:09  Metabolic Boost  
  31  3:20  Baneling Nest  
  31  3:22  Drone x2  
  32  3:29  Drone  
  32  3:30  Drone  
  34  3:35  Overlord  
  34  3:43  Spore Crawler  
  34  3:47  Spore Crawler  
  32  3:55  Drone x3  
  35  3:58  Drone  
  35  4:01  Drone  
  37  4:04  Drone  
  38  4:15  Baneling x6  
  38  4:16  Baneling x2  
  38  4:24  Queen  
  38  4:31  Zergling x8  
  44  4:34  Zergling x2  
  44  4:36  Zergling x2  
  44  4:38  Zergling x2  
  47  4:50  Drone x3  
  50  4:52  Overlord  
  50  5:01  Lair  
  50  5:09  Overlord x2  
  44  5:23  Zergling x12  
  44  5:24  Zergling x6  
  53  5:29  Baneling  
  53  5:30  Baneling x6  
  53  5:32  Baneling x2  
  53  5:34  Baneling x2  
  53  5:41  Zergling x2  
  53  5:42  Zergling x8  
  58  5:48  Drone x4  
  62  5:51  Drone  
  62  5:52  Drone  
  62  5:56  Drone x2  
  66  5:57  Drone  
  54  6:25  Zergling x2  
  49  6:26  Zergling x20  
  49  6:31  Zergling x2  
  49  6:32  Zergling x6  
  63  6:35  Zergling x6  
  63  6:37  Centrifical Hooks  
  66  6:52  Zergling x10  
  71  7:01  Baneling  
  71  7:02  Baneling x20  
  71  7:05  Zergling x2  
  71  7:06  Zergling x4  
  71  7:08  Overlord x2  
  74  7:09  Hatchery  
  64  7:38  Zergling x24  
  64  7:39  Zergling x10  
  79  7:56  Zergling x8  
  81  8:06  Zergling x4  
  81  8:07  Zergling x2  
  82  8:20  Baneling  
  82  8:21  Baneling x15  
  68  8:59  Zergling x20  
  68  9:00  Zergling x24  
  88  9:08  Spire  
Tags
 
Add a new tag
Caveats
  • Supply blocks, unpowered buildings, or Contaminate may cause inaccurate times.
  • Supply counts are checked every 10 seconds.